 Dungeon Crawl Stone Soup version 0.17.1-2-g5865329 (webtiles) character file.

3310 Mysteryquy the Thaumaturge (level 9, -14/46 HPs)
             Began as a Deep Elf Conjurer on Jan 13, 2016.
             Was a Priest of Vehumet.
             Killed from afar by Erica (23 damage)
             ... with an orb of energy
             ... on level 8 of the Dungeon.
             The game lasted 00:30:48 (9236 turns).

Mysteryquy the Thaumaturge (Deep Elf Conjurer)      Turns: 9236, Time: 00:30:48

Health: -14/46     AC: 12    Str:  5    XL:     9   Next: 70%
Magic:  16/26      EV: 13    Int: 24    God:    Vehumet [***...]
Gold:   184        SH:  0    Dex: 15    Spells: 6 memorised, 13 levels left

rFire  + . .     SeeInvis .     h - +2 whip (elec)
rCold  x . .     Clarity  .     a - +0 robe
rNeg   . . .     SustAt   .     (no shield)
rPois  .         Gourm    .     (no helmet)
rElec  .         Spirit   .     T - +1 cloak
rCorr  .         Warding  .     g - +2 pair of gloves
rMut   +         Stasis   .     N - +0 pair of boots
MR     .....                    s - amulet of resist mutation
Stlth  ++........               H - +4 ring of protection
                                o - ring of fire

@: lethally poisoned (-14 -> -16), exhausted, slowed, very slow, not resistant
to hostile enchantments, unstealthy
A: no striking features
a: Renounce Religion


You were on level 8 of the Dungeon.
You worshipped Vehumet.
Vehumet was most pleased with you.
You were very hungry.

You visited 2 branches of the dungeon, and saw 9 of its levels.

You collected 354 gold pieces.
You spent 170 gold pieces at shops.

Inventory:

Hand Weapons
 h - a +2 whip of electrocution (weapon)
Armour
 a - a +0 robe (worn)
 g - a +2 pair of gloves (worn)
 N - a +0 pair of boots (worn)
 T - a +1 cloak (worn)
Magical Staves
 U - an uncursed staff of poison
Jewellery
 f - an uncursed amulet of warding {unknown}
 o - a ring of fire (left hand)
 p - a +4 ring of dexterity
 s - an amulet of resist mutation (around neck)
 H - a +4 ring of protection (right hand)
 M - an uncursed ring of protection from fire
 O - an uncursed amulet of rage
 S - an uncursed ring of sustain attributes
Wands
 x - a wand of digging (10)
 V - a wand of random effects (23)
Scrolls
 e - 6 scrolls of magic mapping
 j - 2 scrolls of recharging {unknown}
 k - a scroll of noise {unknown}
 l - 5 scrolls of enchant weapon
 m - 2 scrolls of enchant armour
 q - 5 scrolls of remove curse
 v - 4 scrolls of identify
 y - 4 scrolls of random uselessness {unknown}
 A - 3 scrolls of teleportation
 B - a scroll of immolation {unknown}
 E - a scroll of fog {unknown}
 K - a scroll of blinking
 P - a scroll of fear {unknown}
 R - a scroll of amnesia {unknown}
Potions
 i - a potion of might {unknown}
 n - a potion of flight {unknown}
 u - a potion of berserk rage
 z - a potion of cure mutation {unknown}
 C - a potion of agility {unknown}
 D - 4 potions of poison {unknown}
 F - 2 potions of haste
 I - a potion of invisibility {unknown}
 L - a potion of heal wounds {unknown}
 Q - a potion of resistance {unknown}
Books
 b - a book of Conjurations

   Spells                             Type                      Level
   a - Magic Dart                     Conjuration                  1
   b - Searing Ray                    Conjuration                  2
   c - Dazzling Spray                 Conjuration/Hexes            3
   d - Fulminant Prism                Conjuration/Hexes            4
   e - Iskenderun's Mystic Blast      Conjuration                  4
   f - Iskenderun's Battlesphere      Conjuration/Charms           5
 d - a book of Maledictions

   Spells                             Type                      Level
   a - Corona                         Hexes                        1
   b - Ensorcelled Hibernation        Hexes/Ice                    2
   c - Confuse                        Hexes                        3
   d - Tukima's Dance                 Hexes                        3
   e - Dazzling Spray                 Conjuration/Hexes            3
 J - a book of Flames

   Spells                             Type                      Level
   a - Flame Tongue                   Conjuration/Fire             1
   b - Throw Flame                    Conjuration/Fire             2
   c - Conjure Flame                  Conjuration/Fire             3
   d - Inner Flame                    Hexes/Fire                   3
   e - Sticky Flame                   Conjuration/Fire             4
   f - Fireball                       Conjuration/Fire             5
Comestibles
 c - 8 bread rations
 r - 3 meat rations
 t - a royal jelly
 w - 2 slices of pizza
 G - 2 fruits


   Skills:
 - Level 0.7 Fighting
 + Level 0.1 Maces & Flails
 - Level 2.4 Dodging
 - Level 2.4 Stealth
 + Level 11.8 Spellcasting
 + Level 10.8 Conjurations
 * Level 5.0 Fire Magic


You had 13 spell levels left.
You knew the following spells:

 Your Spells              Type           Power        Failure   Level  Hunger
a - Magic Dart            Conj           ####         1%          1    None
b - Searing Ray           Conj           ######       1%          2    None
c - Conjure Flame         Conj/Fire      ######..     1%          3    None
d - Sticky Flame          Conj/Fire      ######..     1%          4    None
e - Inner Flame           Hex/Fire       #####...     1%          3    None
f - Iskenderun's Battles  Conj/Chrm      #####...     4%          5    ###....


Dungeon Overview and Level Annotations

Branches:
Dungeon (8/15)             Temple (1/1) D:4
   Lair: D:8-11

Altars:
Ashenzari
Cheibriados
Dithmenos
Elyvilon
Fedhas
Gozag
Kikubaaqudgha
Nemelex Xobeh
Okawaru
Ru
Sif Muna
Vehumet
Xom
Yredelemnul
The Shining One

Shops:
D:5 ?

Annotations:
D:8 Erica


Message History

A red film seems to cover your vision as you go berserk!
You feel yourself moving faster!
You feel mighty!
You feel sick.
You hear some strange, mumbled words.
An orb of energy appears from out of thin air!
The orb of energy misses you. Something hits you but does no damage.
You bump into the rock wall.
You feel a strong urge to attack something.
Something hits you but does no damage.
You feel less confused.
You feel your anger subside.
You are no longer berserk.
You are exhausted.
You feel as though you will be slow longer.
You are feeling very hungry.
You feel sick.
You hear some strange, mumbled words.
An orb of energy appears from out of thin air!
The orb of energy hits you!
Ouch! That really hurt!
You die...

#. #..........
#.. ##>.........
#... #.....##...
#....##....#
#..# #.........#
#..# .
#.......## #..#
..
#........###..#
...
#...###...#...##
.... #..#
###...@..# .....
#..
#..###{##...# #.
#.## #.....# #
#.# #..###.# #.#
....# #.......#
.#...#### ##..#
###


There were no monsters in sight!

Vanquished Creatures
  Joseph (D:7)
  A spriggan (D:7)
  A water moccasin (D:6)
  An orc warrior (D:6)
  3 phantoms
  An ogre (D:6)
  2 black bears
  A big kobold (D:6)
  2 centaurs
  A wyvern skeleton (D:6)
  4 giant frogs
  A scorpion (D:4)
  2 vampire bats (D:4)
  4 killer bees (D:7)
  5 crimson imps
  2 giant frog zombies
  A giant frog skeleton (D:5)
  2 hounds (D:4)
  A quasit (D:6)
  3 iguanas
  3 jellies
  4 orc priests
  5 orc wizards
  5 worker ants
  A hound zombie (D:5)
  2 hound skeletons
  3 gnolls (D:4)
  15 adders
  An ooze (D:5)
  An adder skeleton (D:7)
  5 worms
  2 giant geckos (D:5)
  30 orcs
  2 ball pythons
  9 bats
  A bat skeleton (D:4)
  3 bat zombies (D:4)
  8 giant cockroaches
  6 hobgoblins
  9 jackals
  28 kobolds
  4 quokkas
  A sheep (D:2)
  4 giant newts
  11 goblins
  A jackal skeleton (D:4)
  A jackal zombie (D:4)
  6 rats
  A plant (D:6)
211 creatures vanquished.

Notes
Turn   | Place    | Note
--------------------------------------------------------------
     0 | D:1      | Mysteryquy the Deep Elf Conjurer began the quest for the Orb.
     0 | D:1      | Reached XP level 1. HP: 10/10 MP: 6/6
   265 | D:1      | Reached XP level 2. HP: 15/15 MP: 4/8
   384 | D:1      | Reached skill level 5 in Conjurations
   850 | D:2      | Reached XP level 3. HP: 19/19 MP: 7/9
  1318 | D:2      | Reached XP level 4. HP: 24/24 MP: 9/11
  1346 | D:2      | Learned a level 2 spell: Searing Ray
  1431 | D:2      | Reached skill level 6 in Conjurations
  1692 | D:2      | Found a shimmering altar of Xom.
  1891 | D:2      | Reached XP level 5. HP: 16/28 MP: 9/13
  2024 | D:2      | Found a faded altar to an unknown god.
  2801 | D:4      | Found a white marble altar of Elyvilon.
  2879 | D:4      | Reached skill level 5 in Spellcasting
  2879 | D:4      | Reached skill level 7 in Conjurations
  2879 | D:4      | Reached XP level 6. HP: 33/33 MP: 8/15
  2898 | D:4      | Noticed a phantom
  2941 | D:4      | Killed a phantom
  3120 | D:4      | Found a shattered altar of Ashenzari.
  3120 | D:4      | Found a basalt altar of Yredelemnul.
  3501 | D:4      | Found a staircase to the Ecumenical Temple.
  3522 | Temple   | Entered the Ecumenical Temple
  3534 | Temple   | Became a worshipper of Vehumet
  3604 | D:4      | Reached XP level 7. HP: 20/37 MP: 7/18
  3806 | Temple   | Reached skill level 8 in Conjurations
  4137 | D:4      | Found an ancient bone altar of Kikubaaqudgha.
  4625 | D:5      | Entered Level 5 of the Dungeon
  4643 | D:5      | Reached * piety under Vehumet
  4643 | D:5      | Offered knowledge of Freeze by Vehumet.
  4964 | D:5      | Found a shadowy altar of Dithmenos.
  4969 | D:5      | Learned a level 3 spell: Conjure Flame
  4974 | D:5      | Learned a level 4 spell: Sticky Flame
  5041 | D:5      | Reached skill level 1 in Fire Magic
  5041 | D:5      | Reached XP level 8. HP: 21/42 MP: 3/22
  5205 | D:5      | Found Eshrolow's Magic Scroll Emporium.
  5217 | D:5      | Bought a scroll of teleportation for 30 gold pieces
  5217 | D:5      | Bought a scroll of magic mapping for 35 gold pieces
  5217 | D:5      | Bought a scroll of blinking for 75 gold pieces
  5217 | D:5      | Bought a scroll of remove curse for 30 gold pieces
  5816 | D:5      | Reached skill level 9 in Conjurations
  6450 | D:6      | Offered knowledge of Throw Frost by Vehumet.
  6453 | D:6      | Reached ** piety under Vehumet
  6617 | D:6      | Reached skill level 10 in Spellcasting
  7356 | D:6      | Reached XP level 9. HP: 46/46 MP: 22/25
  7361 | D:6      | Learned a level 3 spell: Inner Flame
  7522 | D:6      | Offered knowledge of Static Discharge by Vehumet.
  7741 | D:7      | Reached skill level 10 in Conjurations
  8056 | D:7      | Noticed Joseph
  8382 | D:7      | Reached skill level 11 in Spellcasting
  8686 | D:7      | Killed Joseph
  8786 | D:7      | Reached *** piety under Vehumet
  8866 | D:7      | Found a glowing golden altar of the Shining One.
  8917 | D:8      | Learned a level 5 spell: Iskenderun's Battlesphere
  8935 | D:8      | Reached skill level 5 in Fire Magic
  9209 | D:8      | Noticed Erica
  9236 | D:8      | Killed from afar by Erica

Action                   |  1- 3 |  4- 6 |  7- 9 || total
-------------------------+-------+-------+-------++-------
Melee: Whip              |     3 |     8 |    23 ||    34
 Cast: Magic Dart        |    70 |   144 |   319 ||   533
       Searing Ray       |       |     8 |    22 ||    30
       Conjure Flame     |       |       |     9 ||     9
       Sticky Flame      |       |       |    12 ||    12
  Use: Potion            |       |       |     3 ||     3
       Scroll            |       |       |     4 ||     4
  Eat: Chunk             |     1 |     6 |    16 ||    23
       Beef jerky        |       |       |     1 ||     1
